 Dungeon Crawl Stone Soup version 0.32-a0-938-g40ac7a0f4d (webtiles) character file.

Game seed: 1470522774948483661

2192 dialectric the Protected (level 9, -1/82 HPs)
             Began as a Minotaur Fighter on Apr 16, 2024.
             Was a High Priest of Jiyva.
             Slain by a killer bee (5 damage)
             ... while paralysed by a hornet
             ... on level 8 of the Dungeon.
             The game lasted 00:05:13 (4752 turns).

dialectric the Protected (Minotaur Fighter)         Turns: 4752, Time: 00:05:14

Health: -1/82      AC: 15    Str: 24    XL:     9   Next: 12%
Magic:  8/8        EV:  2    Int:  5    God:    Jiyva [*****.]
Gold:   113        SH:  0    Dex: 11    Spells: 8/8 levels left

rFire   . . .        s - +2 hand axe (heavy)
rCold   . . .        (no shield)
rNeg    . . .        d - +0 plate armour
rPois   .            (helmet restricted)
rElec   .            u - +0 cloak
rCorr   +            (no gloves)
SInv    .            (boots unavailable)
Will    .....        n - amulet of regeneration Stlth
                     (no ring)
HPRegen 2.57/turn    (no ring)
MPRegen 0.83/turn

%: no passive effects
@: paralysed, lethally poisoned (-1 -> -4), slowed
A: horns 2, retaliatory headbutt, talons 3, jelly sensing items
a: Renounce Religion, Oozemancy, Slimify


You were on level 8 of the Dungeon.
You worshipped Jiyva.
Jiyva was extremely pleased with you.
You visited 1 branch of the dungeon, and saw 8 of its levels.

You collected 253 gold pieces.
You spent 140 gold pieces at shops.

Inventory:

Hand Weapons
 a - a +0 flail
 s - a +2 heavy hand axe (weapon)
 x - a +0 whip of flaming
Missiles
 w - 5 javelins (quivered)
Armour
 b - a +0 scale mail
 c - a +0 buckler
 d - a +0 plate armour (worn)
 j - a +0 pair of boots
 q - a scarf of harm
 u - a +0 cloak (worn)
Jewellery
 m - a ring of resist corrosion
 n - an amulet of regeneration (around neck)
Wands
 t - a wand of paralysis (9)
Scrolls
 f - 3 scrolls of revelation
 g - 3 scrolls of identify
 l - a scroll of fog {unknown}
 p - a scroll of teleportation {unknown}
 v - 3 scrolls of noise {unknown}
 y - a scroll of fear {unknown}
 z - a scroll of blinking {unknown}
Potions
 e - 2 potions of haste {unknown}
 h - a potion of degeneration {unknown}
 i - 4 potions of curing
 o - a potion of berserk rage {unknown}
 r - a potion of ambrosia {unknown}


   Skills:
 + Level 8.5 Fighting
 + Level 6.1(6.9) Axes
 - Level 4.8(6.3) Maces & Flails
 + Level 8.5 Armour
 - Level 5.0 Dodging
 - Level 3.6 Shields


You had 8 spell levels left.
You didn't know any spells.
Your spell library was empty.

Dungeon Overview and Level Annotations

Branches:
Dungeon (8/15)             Temple (0/1) D:4
   Lair: D:8-11

Altars:
Elyvilon
Kikubaaqudgha
Qazlal
Trog
Zin
The Shining One
Jiyva

Shops:
D:1 [   D:2 (   D:5 :!*:?

Annotations:
D:3 2 transporters, Biggs's ghost, weakling DjCj
D:6 Jeremiah
D:8 Maggie


Innate Abilities, Weirdness & Mutations

You have a pair of horns on your head.
You reflexively headbutt those who attack you in melee.
You have claws for feet.
You have a small jelly attached to you that senses nearby items.


Message History

The killer bee stings you but does no damage. x2
Unknown command.
You feel much better.
You feel extremely sick. The killer bee closely misses you.
The killer bee misses you. You furiously retaliate!
You headbutt the killer bee. The hornet completely misses you.
The killer bee barely misses you. The killer bee stings you.
* * * LOW HITPOINT WARNING * * *
The hornet stings you but does no damage.
The killer bee stings you but does no damage. x2
As you read the scroll labelled JEOGYOFOGA, it crumbles to dust.
It is a scroll of identify.
f - 3 scrolls of revelation You feel extremely sick.
The killer bee stings you but does no damage.
The killer bee stings you.
* * * LOW HITPOINT WARNING * * *
The hornet stings you but does no damage.
The killer bee stings you.
* * * LOW HITPOINT WARNING * * *
You are more poisoned.
The killer bee poisons you! The killer bee barely misses you.
You furiously retaliate!
You headbutt the killer bee!
The hornet stings you but does no damage.
Maggie gestures wildly while chanting.
Maggie attempts to bespell you! You resist with some effort.
The killer bee barely misses you.
The killer bee stings you but does no damage.
The hornet stings you.
* * * LOW HITPOINT WARNING * * *
You suddenly lose the ability to move!
* * * LOW HITPOINT WARNING * * *
You feel very sick.
The killer bee stings you but does no damage.
The killer bee completely misses you.
The hornet stings you but does no damage.
The killer bee stings you.
You die...
Jiyva sends a jelly to digest your remains.

###.##. .<#
.......####..###
#...$.#........#
....@........#.#
...............#
...............#
.......)†y......
....<..y@y......
...>...†...>..##
.............##
#.....#.........
##.####......###
.. ..###### .
###


You could see Maggie, a hornet and 2 killer bees.

Vanquished Creatures
  Sigmund (D:2)
  A water moccasin (D:6)
  2 orc warriors
  A black bear (D:6)
  An ice beast (D:6)
  2 ogres
  2 kobold brigands
  A bullfrog (D:6)
  3 scorpions
  9 killer bees
  A howler monkey (D:7)
  A bombardier beetle (D:5)
  4 hounds
  Crazy Yiuf (D:5)
  4 orc priests
  Jessica (D:2)
  A sleepcap (D:5)
  2 orc wizards
  Robin (D:4)
  4 gnolls
  8 adders
  A white imp (D:5)
  2 ufetubi (D:5)
  A dart slug (D:5)
  A ribbon worm (D:3)
  12 orcs
  5 giant cockroaches
  11 hobgoblins
  2 jackals (D:3)
  12 kobolds
  5 quokkas
  3 ball pythons
  6 bats
  A frilled lizard (D:3)
  12 goblins
  3 rats (D:1)
128 creatures vanquished.

Vanquished Creatures (others)
  A black bear (D:7)
  A scorpion (D:6)
  5 jellies
  An orc priest (D:7)
  A hound (D:4)
  A sleepcap (D:5)
  An iguana (D:5)
  2 orc wizards (D:7)
  An adder (D:6)
  An orc (D:7)
  2 hobgoblins
  A quokka (D:4)
  2 kobolds (D:6)
20 creatures vanquished.

Grand Total: 148 creatures vanquished

Notes
Turn   | Place    | Note
-------+----------+-------------------------------------------
     0 | D:1      | dialectric the Minotaur Fighter began the quest for the
                  | Orb.
     0 | D:1      | Reached XP level 1. HP: 19/19 MP: 0/0
   204 | D:1      | Reached XP level 2. HP: 25/27 MP: 1/1
   277 | D:1      | Found Qitunanu's Antique Armour Boutique.
   472 | D:1      | Reached skill level 1 in Dodging
   498 | D:2      | Noticed Jessica
   505 | D:2      | Killed Jessica
   506 | D:2      | Reached XP level 3. HP: 33/33 MP: 2/2
   604 | D:2      | Noticed Sigmund
   619 | D:2      | Killed Sigmund
   620 | D:2      | Reached XP level 4. HP: 21/41 MP: 3/3
   620 | D:2      | Reached XP level 5. HP: 25/47 MP: 4/4
   738 | D:2      | Reached skill level 5 in Armour
   803 | D:2      | Found Xijuxeorph's Antique Weapon Shoppe.
  1295 | D:3      | Found a glowing silver altar of Zin.
  1323 | D:4      | Reached skill level 5 in Fighting
  1644 | D:3      | Found a faded altar of an unknown god.
  1658 | D:3      | Reached XP level 6. HP: 53/56 MP: 5/5
  1666 | D:3      | Prayed at the altar of an unknown god.
  1666 | D:3      | Became a worshipper of Jiyva Jamail the Shapeless
  1666 | D:3      | Reached * piety under Jiyva
  1739 | D:3      | Found a transporter.
  1739 | D:3      | Noticed Biggs's ghost (weakling DjCj)
  1746 | D:3      | Found a transporter.
  1984 | D:4      | Found a staircase to the Ecumenical Temple.
  2085 | D:4      | Noticed Robin
  2119 | D:4      | Killed Robin
  2231 | D:4      | Found a bloodstained altar of Trog.
  2252 | D:4      | Reached ** piety under Jiyva
  2453 | D:5      | Entered Level 5 of the Dungeon
  2459 | D:5      | Found Sirruloeff's Book Shoppe.
  2481 | D:5      | Found a glowing golden altar of the Shining One.
  2488 | D:5      | Found an ancient bone altar of Kikubaaqudgha.
  2512 | D:5      | Found Uqiujid's General Store.
  2603 | D:5      | Found Dorunt's Book Shop.
  2642 | D:5      | Reached XP level 7. HP: 61/62 MP: 6/6
  2671 | D:5      | Reached skill level 1 in Axes
  2773 | D:5      | Found Paatebb's Magic Scroll Emporium.
  2821 | D:5      | Found Cuhypuf's Distillery.
  2826 | D:5      | Bought 2 potions of heal wounds for 140 gold pieces
  2875 | D:5      | Reached *** piety under Jiyva
  3053 | D:5      | Found a runed translucent door.
  3054 | D:5      | Noticed Crazy Yiuf
  3223 | D:5      | Killed Crazy Yiuf
  3348 | D:6      | Gained mutation: You have a small jelly attached to you
                  | that senses nearby items. [Jiyva's grace]
  3348 | D:6      | Gained mutation: You have sharp toenails. [Jiyva's grace]
  3348 | D:6      | Gained mutation: You have razor-sharp toenails. [Jiyva's
                  | grace]
  3348 | D:6      | Gained mutation: You have claws for feet. [Jiyva's grace]
  3391 | D:6      | Reached XP level 8. HP: 34/71 MP: 7/7
  3473 | D:6      | Noticed Jeremiah
  3481 | D:6      | Reached skill level 5 in Dodging
  3848 | D:7      | Reached **** piety under Jiyva
  3918 | D:7      | Reached skill level 5 in Axes
  4227 | D:7      | Found a stormy altar of Qazlal.
  4463 | D:7      | Found a white marble altar of Elyvilon.
  4468 | D:7      | Reached XP level 9. HP: 80/82 MP: 8/8
  4566 | D:7      | Reached ***** piety under Jiyva
  4745 | D:8      | Paralysed by a hornet for 3 turns
  4748 | D:8      | HP: 2/82 [hornet (6)]
  4749 | D:8      | Noticed Maggie
  4751 | D:8      | Paralysed by a hornet for 3 turns
  4752 | D:8      | Slain by a killer bee

Illustrated notes

Levels and vault maps discovered:
D:1:      scummos_arrival_simple_fountains, layout_rooms, serial_shops, shop
D:2:      layout_loops_ring, serial_shops, nicolae_shop_crystal, uniq_sigmund,
          uniq_jessica
D:3:      layout_rooms, zin_academy, hellmonk_ecumenical_altar_zigzags,
          gammafunk_ghost_mausoleum
D:4:      layout_cave_pools, lightli_temple_of_fire,
          minmay_temple_entry_slanted, uniq_robin
D:5:      layout_gridville, grunt_temple_overflow_open, serial_shops,
          nicolae_shop_temple_entry_statues_fountains, shop,
          nicolae_diamond_shop, nicolae_shop_crystal, shop, sigmund_army,
          uniq_crazy_yiuf_cottage
D:6:      layout_rooms, nicolae_figureground_pulse, uniq_jeremiah
D:7:      layout_basic, nicolae_qazlal_scattered_showers, elyvilon_altar_3
D:8:      layout_rooms, uniq_maggie, uniq_grum

Skill      XL: |  1  2  3  4  5  6  7  8  9 |
---------------+----------------------------+-----
Dodging        | 1 2 3 4 5 |  5.0
Fighting       | 4 5 6 8 |  8.5
Maces & Flails | 3 4 |  4.8
Armour         | 4 5 6 8 |  8.5
Axes           | 3 5 6 |  6.1
Shields        | |  3.6

Action                     |  1- 3 |  4- 6 |  7- 9 || total
---------------------------+-------+-------+-------++-------
  Melee: Flail             |    50 |   129 |       ||   179
         Headbutt          |     4 |    20 |    20 ||    44
         Hand axe          |       |     4 |   131 ||   135
         Kick              |       |       |    26 ||    26
    Use: Potion            |     1 |       |     6 ||     7
         Scroll            |       |       |     1 ||     1
 Armour: Scale mail        |    41 |   134 |    98 ||   273
         Plate armour      |       |       |   158 ||   158
  Dodge: Dodged            |    27 |    88 |   144 ||   259

Table legend: (Time is in decaauts)
 A = Elapsed time spent in this place.
 B = Non-inter-level travel time spent in this place.
 C = Inter-level travel time spent in this place.
 D = Time resting spent in this place.
 E = Time spent auto-exploring this place.
 F = Levels seen in this place.
 G = Mean time per level.
                   A        B        C        D        E       F      G
               +--------+--------+--------+--------+--------+-----+--------+
         Total |   4874 |   4610 |    264 |    108 |   3405 |   8 |  609.2 |
       Dungeon |   4874 |   4610 |    264 |    108 |   3405 |   8 |  609.2 |
               +--------+--------+--------+--------+--------+-----+--------+

Top non-repeatable levels by time:
     D:5: 870 daAuts
     D:7: 870 daAuts
     D:2: 759 daAuts
     D:4: 709 daAuts
     D:6: 611 daAuts
     D:3: 528 daAuts
     D:1: 510 daAuts
     D:8: 15 daAuts
